 Dungeon Crawl Stone Soup version 0.18-a0-1203-gbde16db (webtiles) character file.

102 DsMo the Insei (level 4, -6/35 HPs)
             Began as a Demonspawn Monk on Feb 1, 2016.
             Was a Believer of Ashenzari.
             Mangled by a gnoll
             ... wielding a +2 vampiric spear
              (8 damage)
             ... on level 3 of the Dungeon.
             The game lasted 00:05:34 (2178 turns).

DsMo the Insei (Demonspawn Monk)                    Turns: 2178, Time: 00:05:35

Health: -6/35      AC:  6    Str: 12    XL:     4   Next: 49%
Magic:  4/4        EV: 10    Int: 11    God:    Ashenzari [**....]
Gold:   108        SH:  0    Dex: 16    Spells: 0 memorised, 3 levels left

rFire  + . .     SeeInvis .       - Unarmed
rCold  . . .     Gourm    .     o - +0 scale mail (curse)
rNeg   . . .     Faith    .     (no shield)
rPois  .         Spirit   .     (no helmet)
rElec  .         Dismiss  .     (no cloak)
rCorr  .         Reflect  .     (no gloves)
SustAt .         Harm     .     (no boots)
MR     .....                    (no amulet)
Stlth  +.........               (no ring)
                                k - ring of protection from fire (curse)

@: not resistant to hostile enchantments, very unstealthy
A: claws 1
a: Scrying, Renounce Religion


You were on level 3 of the Dungeon.
You worshipped Ashenzari.
Ashenzari was pleased with you.
You were not hungry.

You visited 1 branch of the dungeon, and saw 3 of its levels.

You collected 108 gold pieces.

Inventory:

Armour
 o - a cursed +0 scale mail (worn)
Jewellery
 k - a cursed ring of protection from fire (left claw)
Scrolls
 a - a scroll of amnesia {unknown}
 c - a scroll of enchant armour {unknown}
 g - a scroll of fear {unknown}
 i - a scroll of curse jewellery
 j - 2 scrolls of identify {unknown}
 m - a scroll of fog {unknown}
 p - a scroll of curse armour
 q - 2 scrolls of curse weapon
 r - a scroll of blinking {unknown}
 s - a scroll of recharging {unknown}
 u - a scroll of magic mapping {unknown}
Potions
 d - a potion of flight {unknown}
 e - a potion of cancellation {unknown}
 f - a potion of resistance {unknown}
 l - 2 potions of curing {unknown}
 n - a potion of heal wounds {unknown}
Comestibles
 b - a bread ration
 h - a meat ration
 t - a slice of pizza


   Skills:
 - Level 3.0 Fighting
 - Level 2.6 Dodging
 - Level 1.7 Stealth
 * Level 5.4 Unarmed Combat


You had 3 spell levels left.
You didn't know any spells.

Dungeon Overview and Level Annotations

Branches:
Dungeon (3/15)

Altars:
Ashenzari


Innate Abilities, Weirdness & Mutations

You have sharp fingernails.


Message History

You are too injured to fight recklessly!
You are too injured to fight recklessly!
You are too injured to fight recklessly!
You are too injured to fight recklessly!
You are too injured to fight recklessly!
You are too injured to fight recklessly!
You are too injured to fight recklessly!
You are too injured to fight recklessly!
You are too injured to fight recklessly!
You are too injured to fight recklessly!
You scratch the gnoll but do no damage. The gnoll hits you but does no damage.
Unknown command.
You scratch the gnoll.
The gnoll is moderately wounded.
The gnoll hits you with a vampiric spear.
* * * LOW HITPOINT WARNING * * *
The gnoll draws strength from your injuries!
Your scale mail prevents you from hitting the gnoll.
The gnoll hits you with a vampiric spear!
You die...

.....<....., .
#......######.!####
#.................. ,
###.######.#.....# * #
#.# #.#.....# .## * #.#
#.#.....###...., * ###.#
#.[......(...# ,
....########..........#
......##.....†.)@g....#
,
....#.##.###............
###.#.##.# ##...........
..#.#.##.# ####...#..#.
, #.#.#.##.# #......#
#.#.#.##.##### #......#
* .............#
#.#..... #.#.#.##.###.#
#.#.##.#,
..#....#.###..,, ,


You could see a gnoll.

Vanquished Creatures
  2 gnolls (D:3)
  2 adders (D:2)
  2 giant geckos
  2 ball pythons
  4 bats
  7 giant cockroaches
  6 goblins
  6 hobgoblins
  9 jackals
  5 kobolds
  3 quokkas (D:2)
  5 giant newts (D:2)
  2 rats
55 creatures vanquished.

Notes
Turn   | Place    | Note
--------------------------------------------------------------
     0 | D:1      | DsMo the Demonspawn Monk began the quest for the Orb.
     0 | D:1      | Reached XP level 1. HP: 18/18 MP: 1/1
   110 | D:1      | Reached skill level 4 in Unarmed Combat
   114 | D:1      | You fall through a shaft!
   258 | D:2      | Gained mutation: You have sharp fingernails. [demonic ancestry]
   258 | D:2      | Reached XP level 2. HP: 24/24 MP: 2/2
   981 | D:2      | Reached XP level 3. HP: 26/29 MP: 3/3
  1348 | D:2      | Found a shattered altar of Ashenzari.
  1353 | D:2      | Became a worshipper of Ashenzari the Shackled
  1353 | D:2      | Reached * piety under Ashenzari
  1353 | D:2      | Reached ** piety under Ashenzari
  1717 | D:2      | Reached skill level 5 in Unarmed Combat
  1825 | D:2      | Reached XP level 4. HP: 33/35 MP: 4/4
  2178 | D:3      | Mangled by a gnoll

Vault maps used:
D:1:      dpeg_arrival_boxorama
D:2:      evilmike_ruin_ashenzari
D:3:      zin_statuary, uniq_jessica

Action                   |  1- 3 |  4- 6 || total
-------------------------+-------+-------++-------
Melee: Unarmed           |   140 |    40 ||   180
  Use: Scroll            |     2 |       ||     2
 Stab: Sleeping          |     4 |       ||     4
  Eat: Chunk             |     3 |     1 ||     4
